 Dungeon Crawl Stone Soup version 0.31-a0-825-gf28bc0971e (webtiles) character file.

Game seed: 2163053648050814521

74 qw the Shooter (level 4, -2/28 HPs)
             Began as a Gargoyle Hunter on Sept 23, 2023.
             Slain by a cerulean imp
             ... wielding a +0 spear
             ... summoned by Natasha
              (4 damage)
             ... on level 3 of the Dungeon.
             The game lasted 00:00:34 (1836 turns).

qw the Shooter (Gargoyle Hunter)                    Turns: 1836, Time: 00:00:34

Health: -2/28      AC:  8    Str: 14    XL:     4   Next: 28%
Magic:  4/4        EV: 10    Int: 10    God:
Gold:   77         SH:  0    Dex: 15    Spells: 3/3 levels left

rFire   . . .        Y - +0 shortbow
rCold   . . .        (shield currently unavailable)
rNeg    + . .        a - +0 ring mail
rPois   inf          (no helmet)
rElec   +            (no cloak)
rCorr   .            (no gloves)
SInv    .            (no boots)
Will    .....        (no amulet)
Stlth   +            (no ring)
HPRegen 0.24/turn    (no ring)
MPRegen 0.09/turn

%: no passive effects
@: no status effects
A: sickness immunity, AC +3, negative energy resistance 1, electricity
resistance, torment resistance 1, petrification resistance
a: no special abilities


You were on level 3 of the Dungeon.
You visited 1 branch of the dungeon, and saw 3 of its levels.

You collected 77 gold pieces.


Innate Abilities, Weirdness & Mutations

You are immune to sickness and miasma.
Your stone body is resilient. (AC +3)
You are immune to poison.
You resist negative energy. (rN+)
You are resistant to electric shocks. (rElec)
You are resistant to unholy torment.
You are immune to petrification.


   Skills:
 - Level 3.0 Fighting
 + Level 5.1 Ranged Weapons
 - Level 1.1 Armour
 - Level 1.5 Dodging
 - Level 1.1 Stealth


You had 3 spell levels left.
You didn't know any spells.
Your spell library was empty.

Inventory:

Hand Weapons
 Y - a +0 shortbow (weapon)
Armour
 a - a +0 ring mail (worn)
Scrolls
 e - 2 scrolls of enchant armour
Potions
 b - a potion of lignification {unknown}
 d - a potion of haste {unknown}
 f - a potion of heal wounds {unknown}
 g - a potion of brilliance {unknown}
 h - a potion of curing {unknown}
 i - a potion of resistance {unknown}

Dungeon Overview and Level Annotations

Branches:
Dungeon (3/15)

Altars:
Xom

Annotations:
D:3 Natasha


Message History

The cerulean imp hits you from afar with a +0 spear.
Natasha closely misses you.
You shoot an arrow.
The arrow hits Natasha but does no damage.
Natasha is moderately wounded.
The cerulean imp hits you but does no damage.
Natasha claws you but does no damage. The cerulean imp barely misses you.
Natasha stares at you and mumbles some strange words.
You resist with some effort.
You shoot an arrow. The arrow barely misses Natasha.
The cerulean imp hits you but does no damage.
Natasha mewls in sadness.
Natasha stares at you and mumbles some strange words.
The magic dart hits you.
You shoot an arrow. The arrow hits Natasha.
Natasha is moderately wounded.
The cerulean imp hits you but does no damage.
Natasha claws you.
You shoot an arrow. The arrow barely misses Natasha.
The cerulean imp closely misses you. Natasha claws you but does no damage.
The cerulean imp closely misses you.
You shoot an arrow. The arrow closely misses Natasha.
Natasha claws you! The cerulean imp closely misses you.
Natasha barely misses you.
You shoot an arrow. The arrow hits Natasha.
Natasha is severely wounded.
The cerulean imp hits you but does no damage.
A hobgoblin comes into view. It is wielding a +0 rapier.
Natasha closely misses you.
You shoot an arrow. The hobgoblin shouts!
The arrow hits Natasha but does no damage.
Natasha is severely wounded.
The bat hits you. The cerulean imp misses you. Natasha claws you.
You shoot an arrow.
The arrow hits Natasha but does no damage.
Natasha is severely wounded.
The bat hits you but does no damage. x2
The cerulean imp hits you from afar with a +0 spear.
You die...

.....
######...#########
.... ###.### ####
#.g.# ##.### ##..#
##..## #..##
#####.## #....@#
#.##.bh5.# #.#####
.. ... ##.# .. ...


You could see Natasha, a cerulean imp (summoned), a hobgoblin and a bat.

Vanquished Creatures
  4 adders
  A dart slug (D:2)
  An orc (D:3)
  3 ball pythons
  4 bats
  2 endoplasms (D:1)
  2 giant cockroaches
  6 goblins (D:2)
  A hobgoblin (D:2)
  3 kobolds
  A quokka (D:1)
  5 frilled lizards
  3 rats (D:2)
36 creatures vanquished.

Notes
Turn   | Place    | Note
-------+----------+-------------------------------------------
     0 | D:1      | qw the Gargoyle Hunter began the quest for the Orb.
     0 | D:1      | Reached XP level 1. HP: 12/12 MP: 1/1
     0 | D:1      | 0 ||| qw: Version: 0.3-a-83-gcd0e7d8
     0 | D:1      | 0 ||| qw: Game counter: 1792
     0 | D:1      | 0 ||| qw: Melee chars always use a shield: true
     0 | D:1      | 0 ||| qw: God list: Okawaru
     0 | D:1      | 0 ||| qw: Allow faded altars: false
     0 | D:1      | 0 ||| qw: Do Orc after clearing Dungeon:15 true
     0 | D:1      | 0 ||| qw: Do second Lair branch before Depths: true
     0 | D:1      | 0 ||| qw: Lair rune preference: random
     0 | D:1      | 0 ||| qw: Goals: Normal
     0 | D:1      | 0 ||| PLANNING D:1-11
   359 | D:1      | Reached XP level 2. HP: 17/17 MP: 2/2
   781 | D:1      | 781 ||| READING 2 scrolls labelled ITTIBO JOTI.
   782 | D:1      | 782 ||| READING 3 scrolls labelled ONAUPP NOIFAUTZ.
   783 | D:1      | 783 ||| READING scroll labelled TESAIME CUXU.
   784 | D:1      | 784 ||| DROPPING scroll of blinking.
   785 | D:1      | 785 ||| DROPPING scroll of butterflies.
   845 | D:2      | Found a shimmering altar of Xom.
  1075 | D:2      | Reached XP level 3. HP: 21/21 MP: 3/3
  1098 | D:2      | Reached skill level 5 in Ranged Weapons
  1286 | D:2      | Reached skill level 3 in Fighting
  1408 | D:2      | Reached XP level 4. HP: 28/28 MP: 4/4
  1626 | D:2      | 1626 ||| UPGRADING to +0 ring mail.
  1636 | D:2      | 1636 ||| DROPPING +0 leather armour.
  1658 | D:3      | 1658 ||| FLEEEEING.
  1659 | D:3      | 1659 ||| STAIRDANCE
  1695 | D:3      | 1695 ||| STAIRDANCE
  1720 | D:3      | Reached skill level 1 in Armour
  1720 | D:3      | 1720 ||| STAIRDANCE
  1826 | D:3      | Noticed Natasha
  1833 | D:3      | HP: 5/28 [Natasha (7)]
  1835 | D:3      | HP: 1/28 [Natasha (3)]
  1836 | D:3      | Slain by a cerulean imp

Levels and vault maps discovered:
D:1:      dpeg_arrival_rooms_a, layout_loops_corners
D:2:      layout_basic, basic_altar, serial_glass, glass_columns_c,
          glass_columns_c, feat_on_display, minmay_strange_pillars,
          minmay_strange_pillars, minmay_strange_pillars, kennysheep_doodads
D:3:      layout_rooms, uniq_natasha

Skill      XL: |  1  2  3  4 |
---------------+-------------+-----
Ranged Weapons | 5 |  5.1
Fighting       | 3 |  3.0
Armour         | 1 |  1.1
Dodging        | |  1.5
Stealth        | |  1.1

Action                     |  1- 3 |  4- 6 || total
---------------------------+-------+-------++-------
   Fire: Shortbow          |    71 |    49 ||   120
    Use: Scroll            |     3 |       ||     3
 Armour: Leather armour    |    14 |       ||    14
         Ring mail         |       |    42 ||    42
  Dodge: Dodged            |    17 |    26 ||    43

Table legend:
 A = Non-vault XP
 B = Vault XP
 C = Vault XP percentage of total XP
 D = Non-vault monster count
 E = Vault monster count
 F = Vault count percentage of total count
                 A         B        C        D         E       F
            +---------+---------+-------+---------+---------+-------
      Total |     106 |       0 |   0.0 |      36 |       0 |   0.0
            +---------+---------+-------+---------+---------+-------
        D:1 |      16 |       0 |   0.0 |       9 |       0 |   0.0
        D:2 |      70 |       0 |   0.0 |      22 |       0 |   0.0
        D:3 |      20 |       0 |   0.0 |       5 |       0 |   0.0
            +---------+---------+-------+---------+---------+-------
